 Dungeon Crawl Stone Soup version 0.28-a0-1344-g6b9ff3a05d (webtiles) character file.

Game seed: 14708573238734005173

75832 HessuHobo the Severer (level 15, -5/147 HPs)
             Began as a Minotaur Berserker on Dec 29, 2021.
             Was the Champion of Trog.
             Splashed by a goliath frog's acid (8 damage)
             ... on level 1 of the Swamp.
             The game lasted 00:38:08 (29447 turns).

HessuHobo the Severer (Minotaur Berserker)         Turns: 29447, Time: 00:38:08

Health: -5/147     AC: 16    Str: 25    XL:     15   Next: 10%
Magic:  7/14       EV:  9    Int:  4    God:    Trog [******]
Gold:   645        SH:  5    Dex: 14    Spells: 14/14 levels left

rFire   . . .      SeeInvis .   R - +6 executioner's axe (flame)
rCold   . . .      Faith    .   (shield currently unavailable)
rNeg    . . .      Spirit   .   G - +0 plate armour
rPois   +          Reflect  +   P - +1 hat
rElec   .          Harm     .   b - +1 cloak {Will+}
rCorr   .          Rampage  .   c - +1 pair of gloves {infuse}
Will    ++...                   (no boots)
Stlth   ..........              V - amulet of reflection
HPRegen 0.34/turn               a - +4 ring of slaying
MPRegen 0.14/turn               L - ring of poison resistance

@: corroded, studying Staves
A: horns 2, retaliatory headbutt
a: Renounce Religion, Berserk, Trog's Hand, Brothers in Arms


You were on level 1 of the Swamp.
You worshipped Trog.
Trog was exalted by your worship.
You visited 3 branches of the dungeon, and saw 19 of its levels.

You collected 1090 gold pieces.
You spent 445 gold pieces at shops.

Inventory:

Hand Weapons
 f - a +4 antimagic battleaxe
 H - the +5 war axe of Due Proportion {vorpal, MP-9 Str+4 Int+6}
   (You found it on level 4 of the Lair of Beasts)

   It inflicts extra damage upon your enemies.
   Str:       It affects your strength (+4).
   Int:       It affects your intelligence (+6).
   MP:        It affects your magic capacity (-9).
 R - a +6 executioner's axe of flaming (weapon)
Missiles
 K - a throwing net (quivered)
Armour
 b - a +1 cloak of willpower (worn)
 c - a +1 pair of gloves of infusion (worn)
 g - a +0 kite shield
 G - a +0 plate armour (worn)
 P - a +1 hat (worn)
Jewellery
 a - a +4 ring of slaying (left hand)
 h - an amulet of the acrobat
 n - an amulet of regeneration
 L - a ring of poison resistance (right hand)
 V - an amulet of reflection (around neck)
Wands
 m - a wand of iceblast (7)
 B - a wand of digging (4)
 D - a wand of charming (6)
 F - a wand of paralysis (18)
 M - a wand of polymorph (7)
 N - a wand of flame (39)
Scrolls
 i - a scroll of teleportation
 j - 5 scrolls of fog
 k - 3 scrolls of silence
 q - a scroll of holy word
 v - 3 scrolls of magic mapping
 w - 4 scrolls of enchant armour
 O - 2 scrolls of blinking {unknown}
 S - a scroll of acquirement {unknown}
 T - a scroll of identify
 W - 2 scrolls of fear {unknown}
Potions
 d - a potion of haste {unknown}
 e - 5 potions of curing
 l - 4 potions of might
 r - a potion of invisibility
 t - 2 potions of heal wounds
 u - 5 potions of mutation
 A - a potion of cancellation {unknown}
 E - 2 potions of flight
 I - 3 potions of lignification
 J - 2 potions of berserk rage {unknown}
 Q - a potion of attraction {unknown}
 Y - a potion of brilliance {unknown}
 Z - a potion of magic {unknown}
Miscellaneous
 o - a box of beasts
 x - a phantom mirror


   Skills:
 + Level 17.5 Fighting
 + Level 17.5 Axes
 + Level 17.4 Armour
 - Level 2.1 Dodging
 + Level 4.6 Shields
 + Level 8.8 Evocations


You had 14 spell levels left.
You didn't know any spells.
Your spell library was empty.

Dungeon Overview and Level Annotations

Branches:
Dungeon (12/15)            Temple (0/1) D:7            Lair (6/6) D:9
  Swamp (1/4) Lair:4       Spider (0/4) Lair:4        Slime (0/5) Lair:6
    Orc (0/2) D:11

Altars:
Ashenzari
Fedhas
Gozag
Hepliaklqana
Okawaru
Qazlal
Vehumet
Xom
Yredelemnul
Zin
Beogh
Jiyva
Lugonu

Shops:
D:2 :   D:3 [   D:9 =

Portals:
Abyss: Lair:6

Annotations:
Lair:4 exclusion: oklob plant


Innate Abilities, Weirdness & Mutations

You have a pair of horns on your head.
You reflexively headbutt those who attack you in melee.


Message History

The goliath frog hits you but does no damage.
You slash the goliath frog! You burn the goliath frog.
Your headbutt misses the goliath frog.
The goliath frog is heavily wounded.
The goliath frog hits you. The acid corrodes you!
You are splashed with acid!
You closely miss the goliath frog.
The goliath frog is heavily wounded.
The goliath frog misses you. You furiously retaliate!
You headbutt the goliath frog. You slash the goliath frog!
You burn the goliath frog. Your headbutt misses the goliath frog.
The goliath frog is almost dead.
The goliath frog hits you. The acid corrodes you!
You are splashed with acid!
You block the goliath frog's attack.
You barely miss the goliath frog.
The goliath frog is almost dead.
The goliath frog hits you!!
* * * LOW HITPOINT WARNING * * *
You are splashed with acid!
* * * LOW HITPOINT WARNING * * *
You miss the goliath frog. Your headbutt misses the goliath frog.
The goliath frog is almost dead.
The goliath frog misses you. You furiously retaliate!
You headbutt the goliath frog. You barely miss the goliath frog.
You headbutt the goliath frog, but do no damage.
The goliath frog is almost dead.
The goliath frog hits you!
* * * LOW HITPOINT WARNING * * *
You are splashed with acid!
* * * LOW HITPOINT WARNING * * *
You slice the goliath frog!! You burn the goliath frog.
You kill the goliath frog!
Trog accepts your kill.
You enter the shallow water.
Moving in this stuff is going to be slow.
The goliath frog hits you from afar!
* * * LOW HITPOINT WARNING * * *
You are splashed with acid!
You die...

♣..♣♣≈♣ ♣..≈♣♣ .
♣..♣♣≈♣♣♣.≈≈.♣ .♣.
♣....)♣♣..≈≈.♣♣..≈.
♣.≈♣≈.♣♣.≈≈≈..♣.≈≈§
♣♣.≈≈≈≈≈≈..≈§≈.....≈
♣≈.≈.≈.≈(≈.†......≈≈
♣♣≈§≈.≈.♣≈≈≈≈≈≈....≈≈
♣..≈≈≈≈≈[.≈..†≈.≈≈.≈≈
♣♣♣♣.≈≈≈≈..@≈F≈.≈≈.≈..≈♣
♣.♣...≈..♣≈≈..≈.≈≈≈≈....
♣≈.≈.♣♣♣♣♣.≈♣≈≈....≈.≈≈.
♣...♣♣ ♣≈≈♣≈≈.♣♣♣♣.≈≈.
♣♣.♣♣♣ ♣≈≈≈≈≈≈♣ .≈≈≈
♣..♣ ♣♣.≈≈≈.♣♣ ≈♣.
♣♣♣♣♣..♣ ♣.≈≈...♣ ≈
♣..≈≈≈.♣ ♣.≈...♣♣
♣♣♣♣...♣ ♣♣.≈≈.♣


You could see a goliath frog.

Vanquished Creatures
  Gastronok (Lair:2)
  A bunyip (Swamp:1)
  The ghost of Wizop the Spear-Bearer, a journeyman FoFi of Yredelemnul (Lair:1)
  9 hydras
  The ghost of Mandevil the Arsonist, a journeyman DgFE (Lair:1)
  A catoblepas (Lair:5)
  A dancing weapon (D:6)
  Erica (D:11)
  4 alligators (Swamp:1)
  A two-headed ogre (D:11)
  7 death yaks
  3 thrashing horrors (Lair:6)
  A fire crab (Lair:6)
  3 skeletal warriors
  A goliath frog (Swamp:1)
  2 bog bodies
  A spriggan druid (Swamp:1)
  The ghost of niknal the Skirmisher, a novice GrGl (D:6)
  2 ugly things (Lair:6)
  2 wolf spiders
  2 oklob plants
  A salamander (Lair:1)
  3 cyclopes
  Maurice (D:11)
  15 elephants
  Joseph (D:7)
  7 black mambas
  5 gargoyles
  A torpor snail (Lair:4)
  8 cane toads
  3 smoke demons (Lair:6)
  An unseen horror (D:10)
  4 rime drakes
  6 komodo dragons
  2 tyrant leeches (Swamp:1)
  2 ancient zymes (Lair:6)
  2 trolls (D:10)
  5 polar bears
  2 hornets
  7 dream sheep
  30 blink frogs
  Prince Ribbit (D:9)
  A jumping spider (Lair:4)
  A vampire (D:9)
  A water elemental (D:12)
  A wyvern (Lair:4)
  2 basilisks
  2 wraiths
  67 yaks
  2 redbacks (Lair:4)
  2 chaos spawn (Lair:6)
  Menkaure (D:6)
  4 vampire mosquitoes (D:9)
  2 swamp worms (Swamp:1)
  14 water moccasins
  2 large abominations (Lair:6)
  5 orc warriors
  11 small abominations (Lair:6)
  An ice beast (D:5)
  A sky beast (D:4)
  4 black bears
  A black bear (shapeshifter) (Lair:6)
  2 necrophages (D:6)
  2 ogres
  12 wolves
  5 centaurs
  A gnoll sergeant (D:10)
  12 bullfrogs
  2 wyvern zombies
  3 scorpions
  6 wights
  A howler monkey (D:8)
  2 electric eels (D:12)
  A bullfrog zombie (D:6)
  10 centaur zombies
  A gnoll shaman (D:5)
  A bullfrog skeleton (D:5)
  A centaur skeleton (D:7)
  6 orc priests
  3 jellies
  3 iguanas
  7 orc wizards
  A killer bee zombie (D:9)
  15 gnolls
  A howler monkey zombie (D:9)
  12 adders
  2 ufetubi
  4 worms
  49 orcs
  12 endoplasms
  A giant cockroach (D:2)
  5 hobgoblins
  3 jackals (D:2)
  5 kobolds
  3 quokkas
  6 ball pythons
  9 bats
  3 frilled lizards
  4 goblins
  5 rats
499 creatures vanquished.

Vanquished Creatures (collateral kills)
  A hornet (D:9)
  Grum (D:9)
2 creatures vanquished.

Vanquished Creatures (others)
  2 orc wizards
  3 bushes (Lair:6)
  58 fungi
  115 plants
  9 toadstools (Lair:4)
  6 withered plants (Lair:1)
193 creatures vanquished.

Grand Total: 694 creatures vanquished

Notes
Turn   | Place    | Note
-------+----------+-------------------------------------------
     0 | D:1      | HessuHobo the Minotaur Berserker began the quest for the
                  | Orb.
     0 | D:1      | Reached XP level 1. HP: 19/19 MP: 0/0
   549 | D:1      | Reached XP level 2. HP: 27/27 MP: 1/1
   881 | D:1      | Found a faded altar of an unknown god.
  1353 | D:2      | Reached XP level 3. HP: 28/33 MP: 2/2
  1361 | D:2      | Reached ** piety under Trog
  1856 | D:2      | Found a glowing silver altar of Zin.
  1871 | D:2      | Reached XP level 4. HP: 35/41 MP: 3/3
  1956 | D:2      | Found Tybuadot's Book Emporium.
  2601 | D:3      | Found Lyeqoheda's Armour Emporium.
  2628 | D:3      | Identified the +1 ring mail "Supn" {*Corrode Int+9 Dex-4}
  2689 | D:3      | Reached *** piety under Trog
  2711 | D:3      | Reached skill level 5 in Fighting
  2711 | D:3      | Reached skill level 5 in Axes
  2711 | D:3      | Reached XP level 5. HP: 24/48 MP: 4/4
  3312 | D:3      | Noticed a black bear
  3777 | D:4      | Noticed a sky beast
  3789 | D:4      | Killed a sky beast
  3790 | D:4      | Reached XP level 6. HP: 42/56 MP: 5/5
  3910 | D:4      | Reached skill level 5 in Armour
  4175 | D:5      | Entered Level 5 of the Dungeon
  4459 | D:5      | Reached XP level 7. HP: 25/63 MP: 6/6
  5139 | D:5      | You fall into a shaft and drop 2 floors!
  5139 | D:7      | Noticed a yak
  5139 | D:7      | Noticed a yak
  5139 | D:7      | Noticed a yak
  5139 | D:7      | Noticed a yak
  5150 | D:6      | Noticed Menkaure
  5182 | D:6      | Killed Menkaure
  5189 | D:6      | Reached XP level 8. HP: 19/73 MP: 7/7
  6766 | D:6      | Reached **** piety under Trog
  6864 | D:6      | Found a runed translucent door.
  6864 | D:6      | Found a shimmering altar of Xom.
  6864 | D:6      | Noticed niknal's ghost (novice GrGl)
  6865 | D:6      | Noticed a +0 mace of chaos
  7307 | D:6      | Reached XP level 9. HP: 78/83 MP: 8/8
  7783 | D:7      | Paralysed by a wight for 5 turns
  7936 | D:7      | Noticed Joseph
  8081 | D:7      | Found a staircase to the Ecumenical Temple.
  8186 | D:7      | Reached skill level 10 in Axes
  8352 | D:7      | Reached skill level 10 in Fighting
  8516 | D:7      | Found a hazy altar of Hepliaklqana.
  8572 | D:7      | Killed Joseph
  8573 | D:7      | Reached skill level 1 in Evocations
  8735 | D:7      | Reached skill level 10 in Armour
  8739 | D:7      | Reached XP level 10. HP: 72/94 MP: 9/9
  9361 | D:8      | Found a stormy altar of Qazlal.
  9362 | D:8      | Found an opulent altar of Gozag.
  9449 | D:8      | Identified the +6 hunting sling "Nuor" {freeze, Fly Will+
                  | Dex+7 Stlth+}
  9652 | D:9      | Found Fazym's Jewellery Emporium.
  9725 | D:9      | Found an iron altar of Okawaru.
  9920 | D:9      | Noticed Grum
  9950 | D:9      | Killed Grum
 10688 | D:9      | Noticed Prince Ribbit
 10698 | D:9      | Killed Prince Ribbit
 10915 | D:9      | Found a staircase to the Lair.
 11070 | D:10     | Entered Level 10 of the Dungeon
 11211 | D:10     | Found a basalt altar of Yredelemnul.
 11225 | D:10     | Found a broken altar of Ashenzari.
 11987 | D:10     | Noticed a gargoyle
 11996 | D:10     | Killed a gargoyle
 12372 | D:10     | Reached XP level 11. HP: 98/104 MP: 10/10
 12927 | D:9      | Bought a ring of poison resistance for 280 gold pieces
 12963 | Lair:1   | Entered Level 1 of the Lair of Beasts
 13013 | D:9      | Reached skill level 5 in Evocations
 13601 | Lair:1   | Noticed an eight-headed hydra
 13610 | Lair:1   | Killed an eight-headed hydra
 14554 | Lair:1   | Found a runed translucent gate.
 14554 | Lair:1   | Found a runed translucent gate.
 14554 | Lair:1   | Found a runed translucent gate.
 14558 | Lair:1   | Noticed Wizop's ghost (journeyman FoFi)
 14558 | Lair:1   | Noticed Mandevil's ghost (journeyman DgFE)
 14574 | Lair:1   | Noticed a wolf spider
 14594 | Lair:1   | Killed a wolf spider
 15642 | Lair:2   | Noticed a five-headed hydra
 15657 | Lair:2   | Killed a five-headed hydra
 15657 | Lair:2   | Reached ***** piety under Trog
 15658 | Lair:2   | Reached XP level 12. HP: 63/115 MP: 11/11
 16073 | Lair:2   | Noticed Gastronok
 16090 | Lair:2   | Killed Gastronok
 16779 | Lair:3   | Noticed a five-headed hydra
 16790 | Lair:3   | Killed a five-headed hydra
 17205 | Lair:3   | Received a gift from Trog
 17950 | Lair:3   | Noticed a seven-headed hydra
 17958 | Lair:3   | Killed a five-headed hydra
 18592 | Lair:4   | Noticed an eight-headed hydra
 18818 | Lair:3   | Reached XP level 13. HP: 86/125 MP: 12/12
 19020 | Lair:4   | Found a staircase to the Swamp.
 19309 | Lair:4   | Identified the +5 war axe of Due Proportion {vorpal, MP-9
                  | Str+4 Int+6}
 19712 | Lair:4   | Reached skill level 15 in Axes
 19714 | Lair:4   | Reached skill level 15 in Fighting
 20483 | Lair:4   | Found a blossoming altar of Fedhas.
 20900 | Lair:4   | Found a hole to the Spider Nest.
 21169 | Lair:5   | Reached skill level 15 in Armour
 22178 | Lair:6   | Entered Level 6 of the Lair of Beasts
 22200 | Lair:6   | Found a runed translucent door.
 22201 | Lair:6   | Found a viscous altar of Jiyva.
 22205 | Lair:6   | Found a staircase to the Slime Pits.
 23529 | Lair:6   | Reached XP level 14. HP: 94/137 MP: 13/13
 25331 | Lair:6   | Found a corrupted altar of Lugonu.
 25331 | Lair:6   | Found a one-way gate to the infinite horrors of the Abyss.
 25769 | D:11     | Identified the +5 scale mail of Uzeoveri {rElec rF+ rC-
                  | MP+9}
 25831 | D:11     | Reached ****** piety under Trog
 25877 | D:11     | Found a staircase to the Orcish Mines.
 25995 | D:11     | Reached skill level 1 in Shields
 26494 | D:11     | Noticed Erica
 26497 | D:11     | Killed Erica
 26688 | D:11     | Noticed Maurice
 26696 | D:11     | Killed Maurice
 26992 | D:3      | Bought a +1 pair of gloves of infusion for 165 gold pieces
 27209 | D:6      | Killed niknal's ghost
 27571 | Lair:1   | Killed Mandevil's ghost
 27575 | Lair:1   | Killed Wizop's ghost
 27772 | D:12     | Found a radiant altar of Vehumet.
 27776 | D:12     | Received a gift from Trog
 28509 | Swamp:1  | Entered Level 1 of the Swamp
 28737 | Swamp:1  | Reached XP level 15. HP: 87/147 MP: 8/14
 29447 | Swamp:1  | HP: 3/147 [goliath frog (7)]
 29447 | Swamp:1  | Splashed by a goliath frog's acid

Illustrated notes

Levels and vault maps discovered:
D:1:      dpeg_arrival_circle_labyrinth_c, layout_loops_ring,
          shapermc_ecumenical_altar_petra, minivault_11
D:2:      layout_loops_ring, serial_shops, shop_coins, basic_altar,
          kennysheep_donut, st_stairs_9
D:3:      layout_loops_ring, serial_shops, shop
D:4:      layout_basic, grunt_ministairs_9
D:5:      layout_basic, minmay_holes
D:6:      layout_loops_cross, ebering_ghost_xom, uniq_menkaure
D:7:      layout_loops_cross, nicolae_hepliaklqana_hippocampus,
          minmay_temple_entry_slanted, uniq_joseph
D:8:      layout_cave_pools, gammafunk_temple_overflow_pools
D:9:      layout_stronghold, okawaru_altar_gauntlet_db, lair_entry_dummy,
          serial_shops, nicolae_shop_hallway_plus, uniq_grum,
          uniq_prince_ribbit1
D:10:     layout_basic, grunt_temple_overflow_open
D:11:     layout_roguey, david_orc_5, minmay_starry_boxes, uniq_maurice,
          uniq_erica
D:12:     hourglass_vault, layout_basic, vehumet_altar_wand_db
Lair:1:   minmay_lair_venomous_thicket, layout_gridlike,
          gammafunk_ghost_cemetery, minivault_27
Lair:2:   layout_chaotic_city, enter_volcano_2, grunt_megastairs_5,
          lemuel_fruit_tree, uniq_gastronok
Lair:3:   minmay_lair_oklob_chamber, layout_regular_city,
          infiniplex_staircase_pool
Lair:4:   layout_cave_pods, skrybe_swamp_entry_bodies,
          spider_nest_entry_funnel_web, minivault_24, st_stairs_9, tgw_fedhas
Lair:5:   layout_cave_pods, lemuel_fruit_fields, serial_bayou_shore_b
Lair:6:   hellmonk_lair_end_abyssal_woods, layout_loops_ring, slime_altar_2,
          nicolae_lair_grazing_beasts [nicolae_sub_lair_graze_edge,
          nicolae_sub_lair_graze_edge, nicolae_sub_lair_graze_edge,
          nicolae_sub_lair_graze_edge]
Swamp:1:  layout_falls_marsh, evilmike_swamp_ruin_rubble_1

Skill      XL: |  1  2  3  4  5  6  7  8  9 10 11 12 13 14 |
---------------+-------------------------------------------+-----
Axes           | 4 5 6 7 9 10 11 13 14 16 17 | 17.5
Fighting       | 4 5 6 7 9 10 11 13 14 16 17 | 17.5
Armour         | 3 4 5 6 8 10 11 12 14 15 17 | 17.4
Evocations     | 2 4 6 8 |  8.8
Shields        | 4 |  4.6
Dodging        | |  2.1

Action                   |  1- 3 |  4- 6 |  7- 9 | 10-12 | 13-15 || total
-------------------------+-------+-------+-------+-------+-------++-------
Melee: Hand axe          |    87 |    56 |       |       |       ||   143
       Headbutt          |     8 |    23 |    55 |   131 |   127 ||   344
       War axe           |       |    58 |   189 |   440 |       ||   687
       Dire flail        |       |       |       |    21 |       ||    21
       Executioner's axe |       |       |       |    79 |   539 ||   618
Invok: Berserk           |       |       |     1 |     2 |     1 ||     4
       Trog's Hand       |       |       |     1 |     1 |     2 ||     4
       Brothers in Arms  |       |       |       |     1 |     1 ||     2
Evoke: Wand              |       |       |       |     1 |       ||     1
  Use: Scroll            |       |       |     4 |     9 |     9 ||    22
       Potion            |       |       |       |       |     3 ||     3
 Stab: Paralysed         |       |       |       |     3 |       ||     3
Armor: Animal skin       |    15 |       |       |       |       ||    15
       Ring mail         |    19 |    27 |       |       |       ||    46
       Chain mail        |       |    28 |   119 |       |       ||   147
       Plate armour      |       |       |    20 |   458 |   475 ||   953
Dodge: Dodged            |    63 |    48 |   163 |   286 |   271 ||   831
Block: Other             |       |       |       |       |    21 ||    21

Table legend: (Time is in decaauts)
 A = Elapsed time spent in this place.
 B = Non-inter-level travel time spent in this place.
 C = Inter-level travel time spent in this place.
 D = Time resting spent in this place.
 E = Time spent auto-exploring this place.
 F = Levels seen in this place.
 G = Mean time per level.
                   A        B        C        D        E       F      G
               +--------+--------+--------+--------+--------+-----+--------+
         Total |  29634 |  27522 |   2112 |  12647 |  10869 |  19 | 1559.7 |
       Dungeon |  15778 |  14672 |   1106 |   6267 |   6201 |  12 | 1314.8 |
          Lair |  13012 |  12007 |   1005 |   5759 |   4658 |   6 | 2168.7 |
         Swamp |    843 |    843 |      0 |    620 |      9 |   1 |  843.0 |
               +--------+--------+--------+--------+--------+-----+--------+

Top non-repeatable levels by time:
  Lair:6: 2884 daAuts
  Lair:4: 2481 daAuts
  Lair:1: 2353 daAuts
  Lair:3: 2182 daAuts
     D:9: 2033 daAuts
    D:10: 1986 daAuts
     D:6: 1975 daAuts
  Lair:5: 1698 daAuts
  Lair:2: 1411 daAuts
     D:2: 1399 daAuts
    D:11: 1281 daAuts
     D:5: 1280 daAuts
     D:3: 1208 daAuts
     D:7: 1154 daAuts
     D:4: 1138 daAuts
